 Dungeon Crawl Stone Soup version 0.17-a0-1394-gde347b4 (webtiles) character file.

4679 Lianjan the Magician (level 10, -38/87 HPs)
             Began as a Gargoyle Earth Elementalist on June 16, 2015.
             Was a Believer of Vehumet.
             Annihilated by a white ugly thing (52 damage)
             ... on level 10 of the Dungeon.
             The game lasted 01:25:40 (11500 turns).

Lianjan the Magician (Gargoyle Earth Elementalist) Turns: 11500, Time: 01:25:40

Health: -38/87     AC: 25    Str: 11    XL:     10   Next: 44%
Magic:  1/21       EV:  2    Int: 20    God:    Vehumet [**....]
Gold:   502        SH:  4    Dex: 10    Spells: 5 memorised, 9 levels left

rFire  + . .     SeeInvis .     a - 118 stones
rCold  x . .     Clarity  .     (armour currently unavailable)
rNeg   + + +     SustAt   .     n - +0 buckler
rPois  ∞         Gourm    .     (helmet currently unavailable)
rElec  .         Spirit   .     (cloak currently unavailable)
rCorr  .         Warding  .     (gloves currently unavailable)
rMut   .         NoTele   +     (boots currently unavailable)
MR     .....                    (no amulet)
Stlth  ++........               (no ring)
                                b - ring of fire

@: tree-form, very slightly contaminated, not resistant to hostile enchantments,
unstealthy
A: negative energy resistance 1, (electricity resistance), (unbreathing),
petrification resistance, rot immunity, AC +7
a: Renounce Religion


You were on level 10 of the Dungeon.
You worshipped Vehumet.
Vehumet was pleased with you.
You were very hungry.
You were a tree.
You visited 2 branches of the dungeon, and saw 11 of its levels.
You also visited: Sewer.

You collected 612 gold pieces.
You spent 110 gold pieces at shops.

Inventory:

Missiles
 a - 118 stones (in branch)
Armour
 h - a +2 leather armour of poison resistance (melded)
 i - a +0 helmet (melded)
 j - a +0 pair of boots (melded)
 k - a +2 cloak (melded)
 n - a +0 buckler (worn)
Magical staves
 g - an uncursed staff of wizardry
Jewellery
 b - a ring of fire (left branch)
 M - an uncursed ring of protection from magic {unknown}
Magical devices
 o - a wand of flame (26)
 N - a wand of magic darts (40)
Scrolls
 m - 4 scrolls of teleportation
 q - a scroll of fear
 r - 7 scrolls of identify
 u - 3 scrolls of amnesia
 y - 2 scrolls of random uselessness
 D - 2 scrolls of magic mapping
 F - a scroll of recharging
 I - a scroll of enchant armour
 L - a scroll of remove curse
 R - a scroll of fog {unknown}
Potions
 f - a potion of brilliance {unknown}
 p - 2 potions of haste {unknown}
 s - a potion of berserk rage {unknown}
 w - 2 potions of cancellation
 z - a potion of might {unknown}
 A - a potion of mutation {unknown}
 E - a potion of curing
 G - a potion of degeneration {unknown}
 J - a potion of resistance {unknown}
 K - a potion of magic {unknown}
 O - 4 potions of poison {unknown}
 P - a potion of ambrosia {unknown}
 Q - a potion of flight {unknown}
Books
 c - a book of Geomancy

   Spells                             Type                      Level
   a - Sandblast                      Earth                        1
   b - Stoneskin                      Transmutation/Earth          2
   c - Passwall                       Transmutation/Earth          3
   d - Stone Arrow                    Conjuration/Earth            3
   e - Petrify                        Transmutation/Earth          4
   f - Lee's Rapid Deconstruction     Earth                        5
 C - a book of Enchantments

   Spells                             Type                      Level
   a - Cause Fear                     Hexes                        4
   b - Silence                        Hexes/Air                    5
   c - Deflect Missiles               Charms/Air                   6
   d - Haste                          Charms                       6
   e - Discord                        Hexes                        8
Comestibles
 d - 7 bread rations
 l - 32 fruits
 t - a beef jerky
 v - 6 meat rations
 B - a slice of pizza


   Skills:
 + Level 4.4 Fighting
 + Level 4.4 Staves
 + Level 4.4 Armour
 + Level 3.9 Dodging
 - Level 2.1 Stealth
 - Level 4.0 Shields
 * Level 7.8 Spellcasting
 + Level 5.6 Conjurations
 - Level 0.7 Transmutations
 + Level 7.4 Earth Magic
 + Level 2.1 Evocations


You had 9 spell levels left.
You knew the following spells:

 Your Spells              Type           Power        Failure   Level  Hunger
a - Sandblast             Erth           #####.       1%          1    None
b - Stoneskin             Trmt/Erth      ###.....     2%          2    None
c - Stone Arrow           Conj/Erth      ####..       1%          3    None
d - Lee's Rapid Deconstr  Erth           #####.....   14%         5    #####..
e - Petrify               Trmt/Erth      ###.....     17%         4    ###....


Dungeon Overview and Level Annotations

Branches:
Dungeon (10/15)            Temple (1/1) D:5
   Lair: D:8-11         Orc: D:9-12

Altars:
Ashenzari
Cheibriados
Dithmenos
Elyvilon
Fedhas
Gozag
Kikubaaqudgha
Makhleb
Nemelex Xobeh
Okawaru
Qazlal
Ru
Sif Muna
Trog
Vehumet
Xom
Yredelemnul
Zin
The Shining One

Shops:
D:4 !


Innate Abilities, Weirdness & Mutations

You are resistant to torment.
((Your stone body is resilient (AC +7).))
You are immune to poison.
You resist negative energy.
((You are resistant to electric shocks.))
((You can survive without breathing.))
You are immune to petrification.
You are immune to rotting.


Message History

You feel a terrible chill!
* * * LOW HITPOINT WARNING * * *
Casting: Sandblast
Confirm with . or Enter, or press ? or * to list all spells.
Aiming: Sandblast
Press: ? - help, Shift-Dir - straight line, f/p - white ugly thing
Aim: a white ugly thing (almost dead)
The rocky blast hits the white ugly thing.
The white ugly thing is almost dead.
The white ugly thing barely misses you.
Drink which item? (? for menu, Esc to quit)
You turn into a tree.
Your +2 cloak melds into your body.
Your +0 helmet melds into your body.
Your +0 pair of boots melds into your body.
Your +2 leather armour of poison resistance melds into your body.
Your roots penetrate the ground.
The white ugly thing trunk-slaps you.
* * * LOW HITPOINT WARNING * * *
The white ugly thing freezes you!!!
You feel a terrible chill!
Ouch! That really hurt!
You die...

#..........# #.........
#..........## #.......#
#......#.....###.......#
#####..#...............#
...##...............#
##..#................#####
###......................
###.......u.............
#.........♣............
##.#...................
##....................
###..................
####...............
#...............
#..#.....<<<.....
#################


You could see a white ugly thing.

Vanquished Creatures
  The ghost of BeowulfAlex the Cleaver, an experienced HOBe of Trog (D:8)
  A two-headed ogre (D:8)
  Eustachio (D:5)
  2 hippogriffs
  A wyvern (D:10)
  2 orc warriors
  A necrophage (D:6)
  A sky beast (D:6)
  An ice beast (D:5)
  3 ogres
  2 centaurs
  2 crocodiles
  A gnoll sergeant (D:5)
  A big kobold (D:9)
  6 giant frogs
  5 scorpions
  A water moccasin skeleton (D:7)
  A centaur zombie (D:8)
  6 hounds
  A centaur skeleton (D:4)
  2 giant frog skeletons
  7 orc priests
  4 crimson imps
  2 jellies
  2 worker ants (D:5)
  9 orc wizards
  3 iguanas
  2 worker ant zombies
  9 adders
  9 gnolls
  2 shadow imps
  2 oozes
  An adder zombie (D:5)
  2 adder skeletons (D:8)
  3 worms
  10 giant geckos
  31 orcs
  2 ball pythons
  22 bats
  2 bat skeletons
  8 giant cockroaches
  19 hobgoblins
  8 jackals
  6 quokkas
  A giant cockroach zombie (D:5)
  6 giant newts
  12 goblins
  17 kobolds
  2 quokka skeletons
  A quokka zombie (D:4)
  17 rats
  2 butterflies (D:5)
265 creatures vanquished.

Notes
Turn   | Place    | Note
--------------------------------------------------------------
     0 | D:1      | Lianjan the Gargoyle Earth Elementalist began the quest for the Orb.
     0 | D:1      | Reached XP level 1. HP: 10/10 MP: 3/3
   227 | D:1      | Reached XP level 2. HP: 15/15 MP: 3/5
   231 | D:1      | Learned a level 2 spell: Stoneskin
   499 | D:1      | Reached skill level 4 in Earth Magic
  1084 | D:1      | Reached XP level 3. HP: 16/19 MP: 1/7
  1089 | D:1      | Learned a level 3 spell: Stone Arrow
  1817 | D:2      | Reached skill level 1 in Conjurations
  1907 | D:2      | Reached XP level 4. HP: 21/24 MP: 6/8
  2635 | D:3      | Reached XP level 5. HP: 17/28 MP: 0/10
  2792 | D:3      | Found a glowing drain.
  2809 | Sewer    | Entered a sewer
  2921 | Sewer    | Noticed a crocodile
  2938 | Sewer    | Killed a crocodile
  2938 | Sewer    | Reached skill level 5 in Earth Magic
  2938 | Sewer    | Reached XP level 6. HP: 13/32 MP: 0/12
  2945 | Sewer    | Learned a level 5 spell: Lee's Rapid Deconstruction
  4337 | D:4      | Reached skill level 5 in Spellcasting
  4351 | D:4      | Reached XP level 7. HP: 36/36 MP: 6/14
  4868 | D:4      | Found Mopruuli's Distillery.
  4878 | D:4      | Bought a potion of heal wounds for 50 gold pieces
  4878 | D:4      | Bought a potion of curing for 30 gold pieces
  4878 | D:4      | Bought a potion of curing for 30 gold pieces
  4982 | D:4      | Found a bloodstained altar of Trog.
  4986 | D:4      | Reached skill level 1 in Fighting
  4986 | D:4      | Reached skill level 1 in Staves
  4992 | D:4      | Found a glowing golden altar of the Shining One.
  4992 | D:4      | Found a glowing silver altar of Zin.
  4996 | D:4      | Found an iron altar of Okawaru.
  5106 | D:4      | Reached skill level 1 in Armour
  5106 | D:4      | Reached skill level 1 in Shields
  5854 | D:5      | Entered Level 5 of the Dungeon
  5865 | D:5      | Noticed Eustachio
  5899 | D:4      | Reached XP level 8. HP: 31/43 MP: 0/16
  6610 | D:5      | Reached skill level 6 in Earth Magic
  7330 | D:5      | Killed Eustachio
  7381 | D:5      | Found a staircase to the Ecumenical Temple.
  7387 | Temple   | Entered the Ecumenical Temple
  7398 | Temple   | Became a worshipper of Vehumet
  7801 | D:6      | Reached XP level 9. HP: 43/49 MP: 6/18
  8644 | D:7      | Acquired Vehumet's first power
  8644 | D:7      | Offered knowledge of Sting by Vehumet.
  8753 | D:7      | Got a distressingly furry scale mail
  8764 | D:7      | Identified the cursed +0 scale mail of Twilight {rF+} (You found it on level 7 of the Dungeon)
  9012 | D:7      | Reached skill level 7 in Spellcasting
  9422 | D:8      | Reached skill level 5 in Conjurations
  9572 | D:8      | Noticed BeowulfAlex's ghost (experienced HOBe)
  9649 | D:8      | Reached skill level 1 in Evocations
  9724 | D:8      | Killed BeowulfAlex's ghost
  9724 | D:8      | Reached XP level 10. HP: 19/56 MP: 4/21
 10183 | D:8      | Offered knowledge of Throw Frost by Vehumet.
 10261 | D:8      | Learned a level 4 spell: Petrify
 10537 | D:9      | Found a basalt altar of Yredelemnul.
 10797 | D:9      | Found a sparkling altar of Nemelex Xobeh.
 10798 | D:9      | Found an opulent altar of Gozag.
 11413 | D:10     | Entered Level 10 of the Dungeon
 11473 | D:10     | Noticed a white ugly thing
 11500 | D:10     | Annihilated by a white ugly thing

Vault maps used:
D:1:      shiori_shiawase
D:2:      forest_paths, corexii_shack, kennysheep_generic_room_12
D:3:      first_bread, portal_sewer_entry_f
D:4:      minitemple, serial_shops, nicolae_shop_waterfront
D:5:      minmay_temple_entry_butterflies, serial_glass, glass_columns_b,
          glass_columns_c, uniq_eustachio
D:9:      grunt_temple_overflow_opulence, yredelemnul_altar_generic,
          blue_anna_alchemist
D:10:     lair_0_dummy, serial_shops, nicolae_shop_stone
Temple:   eino_temple_water_12
Sewer:    sewer_big_baddie

Action                   |  1- 3 |  4- 6 |  7- 9 | 10-12 || total
-------------------------+-------+-------+-------+-------++-------
Melee: Unarmed           |    10 |       |       |       ||    10
       Club              |     5 |       |       |       ||     5
       Whip              |       |     6 |       |       ||     6
       Staff             |       |     6 |    53 |    41 ||   100
 Cast: Sandblast         |    64 |   177 |   367 |   103 ||   711
       Stoneskin         |       |     2 |     5 |       ||     7
       Stone Arrow       |       |     1 |    38 |     6 ||    45
       Lee's Rapid Decon |       |       |       |     3 ||     3
       Petrify           |       |       |       |     1 ||     1
  Use: Scroll            |       |     4 |     9 |     4 ||    17
       Potion            |       |     1 |     5 |     2 ||     8
  Eat: Chunk             |     3 |     8 |    16 |     5 ||    32
       Fruit             |       |       |     2 |       ||     2
